AoeStats
← Zalvor

Arena

509736323Analyzed
3v3 RM · 5d ago on Sep 27, 2026· 61m 17s· 6 players
Game mode
Random Map
Map size
Normal (6 player)
Population
200
Speed
Normal
Resources
Standard
Victory
Conquest
Starting age
Dark Age
Ending age
Imperial Age
RankedLock teamsTeams togetherTeam positionsShared explorationLock speedFull tech treeHidden civsTurbo modeCheats
Victory
Defeat
🇸🇪 Magyars · Sweden
1075
+10
🇫🇷 Shu · France
1069
+10
🇹🇷 Italians · Türkiye
1038
+12
🇨🇦 Varangians · Canada
985
-12
🇨🇳 Spanish · China
955
-11
🇨🇦 Italians · Canada
889
-9
Zalvor
1:44 Loom
12:46 Feudal Age
17:19 Castle Age
15:17 Double-Bit Axe
15:15 Horse Collar
16:17 Stone Mining
16:31 Gold Mining
26:50 Wheelbarrow
26:01 Town Watch
27:22 Heavy Plow
28:06 Bow Saw
29:59 Hand Cart
31:23 Town Patrol
33:22 Fletching
33:32 Padded Archer Armor
37:28 Imperial Age
36:38 Bodkin Arrow
36:58 Leather Archer Armor
36:55 Forging
36:45 Scale Mail Armor
36:50 Scale Barding Armor
38:21 Light Cavalry
39:11 Bloodlines
38:31 Elite Genoese Crossbowman
40:23 Chemistry
40:01 Hussar
45:43 Iron Casting
45:23 Chain Mail Armor
45:28 Chain Barding Armor
45:39 Ring Archer Armor
46:19 Bracer
47:28 Blast Furnace
47:30 Pirotechnia
51:23 Plate Mail Armor
51:28 Plate Barding Armor
54:10 Plate Barding Armor
56:25 Capped Ram
62:14 Silk Road
62:29 Hoardings
62:15 Conscription
El-Ziston
9:38 Loom
11:24 Feudal Age
12:32 Feudal Age
13:54 Double-Bit Axe
16:34 Castle Age
15:21 Double-Bit Axe
18:39 Loom
21:34 Crossbowman
27:36 Thumb Ring
28:18 Bow Saw
30:41 Horse Collar
30:53 Gold Mining
30:59 Fletching
31:09 Padded Archer Armor
31:22 Forging
31:13 Scale Mail Armor
30:38 Pikeman
31:19 Squires
31:08 Arson
34:05 Scale Barding Armor
33:55 Bodkin Arrow
34:16 Leather Archer Armor
34:17 Chain Mail Armor
35:04 Gambesons
36:12 Wheelbarrow
35:25 Town Watch
36:35 Gold Shaft Mining
40:39 Imperial Age
38:27 Hand Cart
38:46 Husbandry
39:49 Chain Barding Armor
40:42 Arbalester
41:05 Heavy Hei Guang Cavalry
44:49 Bracer
45:19 Ring Archer Armor
45:26 Plate Barding Armor
45:21 Plate Mail Armor
47:18 Light Cavalry
48:26 Ballistics
51:22 Two-Man Saw
51:36 Chemistry
52:46 Caravan
mati
10:18 Feudal Age
15:25 Castle Age
13:54 Double-Bit Axe
14:21 Horse Collar
15:21 Fletching
22:32 Bow Saw
23:24 Ballistics
23:18 Heavy Plow
24:15 Thumb Ring
24:59 Padded Archer Armor
25:28 Bodkin Arrow
27:02 Gold Mining
31:30 Wheelbarrow
30:43 Loom
32:55 Corvinian Army
33:51 Hand Cart
36:54 Imperial Age
36:10 Leather Archer Armor
36:09 Town Watch
36:32 Husbandry
36:42 Bloodlines
37:35 Scale Barding Armor
37:46 Town Patrol
39:01 Gold Shaft Mining
39:29 Two-Man Saw
38:24 Stone Mining
38:39 Bracer
39:58 Chemistry
40:31 Ring Archer Armor
40:21 Chain Barding Armor
40:39 Parthian Tactics
41:38 Heavy Cavalry Archer
45:04 Conscription
44:05 Elite Magyar Huszar
52:14 Capped Ram
55:01 Recurve Bow
55:37 Hoardings
54:33 Sappers
57:57 Plate Barding Armor
59:30 Siege Engineers
59:36 Masonry
59:31 Scale Mail Armor
Native_psychopath
0:45 Loom
10:27 Feudal Age
15:13 Castle Age
13:43 Double-Bit Axe
14:43 Stone Mining
21:32 Bow Saw
23:16 Wheelbarrow
24:02 Fletching
25:32 Horse Collar
27:25 Hand Cart
28:15 Bodkin Arrow
29:52 Ballistics
29:50 Thumb Ring
33:46 Imperial Age
30:56 Elite Skirmisher
33:27 Padded Archer Armor
34:09 Gold Mining
36:07 Chemistry
39:47 Fortified Wall
39:21 Onager
47:38 Bracer
47:54 Leather Archer Armor
49:41 Conscription
kawaki
3:09 Loom
10:38 Feudal Age
11:03 Double-Bit Axe
17:46 Castle Age
16:43 Horse Collar
17:30 Gold Mining
20:42 Scale Barding Armor
20:47 Forging
29:37 Iron Casting
29:23 Chain Barding Armor
30:35 Wheelbarrow
29:48 Town Watch
30:51 Bow Saw
31:05 Heavy Plow
31:51 Elite Skirmisher
32:25 Fletching
32:35 Padded Archer Armor
33:01 Hand Cart
39:13 Imperial Age
37:29 Ballistics
38:24 Bodkin Arrow
41:25 Conscription
41:54 Bracer
42:09 Leather Archer Armor
45:49 Chemistry
严的老爹
8:45 Loom
10:49 Feudal Age
14:20 Double-Bit Axe
17:54 Castle Age
15:58 Horse Collar
16:31 Double-Bit Axe
18:52 Wheelbarrow
20:11 Pikeman
20:51 Squires
25:20 Bow Saw
26:05 Heavy Plow
30:58 Imperial Age
28:59 Devotion
30:34 Ballistics
31:48 Hand Cart
31:24 Town Watch
33:12 Chemistry
32:56 Husbandry
34:18 Elite Skirmisher
34:33 Light Cavalry
35:24 Bloodlines
34:38 Cavalier
36:05 Light Cavalry
36:55 Bloodlines
39:10 Murder Holes
39:36 Bombard Tower
39:31 Masonry
40:01 Caravan
40:29 Hussar
41:54 Pikeman
42:34 Squires
43:11 Onager
45:01 Gold Mining
45:03 Stone Mining
45:21 Town Patrol
44:46 Halberdier
45:57 Forging
45:47 Scale Mail Armor
46:54 Two-Man Saw
50:08 Hoardings
52:30 Iron Casting
52:10 Chain Mail Armor
60:28 Fortified Wall
Connection lost

Rejoining the realm…

Still unreachable

The connection could not be restored.

Session expired

The server has moved on; the page needs a fresh start.